 Dungeon Crawl Stone Soup version 0.29.1-15-g9cfb28693d (webtiles) character file.

Game seed: 1196857649581065710

7 hawla the Firebug (level 2, -1/20 HPs)
             Began as a Meteoran Fire Elementalist on Mar 2, 2023.
             Constricted to death by Ijyb (3 damage)
             ... on level 3 of the Dungeon.
             The game lasted 00:01:32 (121 turns).

hawla the Firebug (Meteoran Fire Elementalist)       Turns: 121, Time: 00:01:33

Health: -1/20      AC:  2    Str:  9    XL:     2   Next: 23%
Magic:  7/7        EV:  9    Int: 16    God:
Gold:   25         SH:  0    Dex: 14    Spells: 6/7 levels left

rFire   . . .      SeeInvis .   (no weapon)
rCold   . . .      Faith    .   (no shield)
rNeg    . . .      Spirit   .   a - +0 robe
rPois   .          Reflect  .   (no helmet)
rElec   .          Harm     .   (no cloak)
rCorr   .          Rampage  .   (no gloves)
Will    .....                   (no boots)
Stlth   +.........              (no amulet)
HPRegen 0.06/turn               (no ring)
MPRegen 0.10/turn               (no ring)

@: grasped by roots, glowing, constricted
A: sense surroundings 1, otherworldly, glowing, explore regen
a: no special abilities


You were on level 3 of the Dungeon.
You visited 1 branch of the dungeon, and saw 3 of its levels.

You collected 25 gold pieces.

Inventory:

Armour
 a - a +0 robe (worn)


   Skills:
 + Level 2.4 Dodging
 - Level 1.4 Stealth
 + Level 3.1 Spellcasting
 + Level 1.2 Conjurations
 + Level 4.0 Fire Magic


You had 6 spell levels left.
You knew the following spells:

 Your Spells              Type           Power      Damage    Failure   Level
a - Foxfire               Conj/Fire      40%        2x1d6     6%          1

Your spell library contained the following spells:

 Spells                   Type           Power      Damage    Failure   Level
 Scorch                   Fire           30%        2d7       5%          2
 Conjure Flame            Conj/Fire      10%        6-21      19%         3
 Inner Flame              Hex/Fire       8%         N/A       24%         3
 Flame Wave               Conj/Fire      10%        2d6       54%         4


Dungeon Overview and Level Annotations

Branches:
Dungeon (3/15) Zot: 1678

Altars:

Annotations:
D:3 Ijyb


Innate Abilities, Weirdness & Mutations

You passively map a small area around you.
You are easily found by Zot.
You glow in the dark.
You regain HP and MP as you explore.


Message History

You now have 25 gold pieces (gained 16).
Found a stone staircase leading down.
A hobgoblin comes into view.
The hobgoblin shouts!
A hobgoblin is nearby!
A hobgoblin is nearby!
Casting: Foxfire (safe; 7% risk of failure)
Confirm with . or Enter, or press ? or * to list all spells.
You conjure some foxfire!
The hobgoblin hits you.
You hit the hobgoblin but do no damage.
The foxfire hits the hobgoblin.
The hobgoblin is heavily wounded.
The foxfire hits the hobgoblin.
The hobgoblin is almost dead.
The hobgoblin hits you but does no damage.
Ijyb the Twisted Goblin comes into view.
She is wielding a +4 club and carrying a wand of roots (3).
Casting: Foxfire (safe; 7% risk of failure)
Confirm with . or Enter, or press ? or * to list all spells.
You conjure some foxfire!
Ijyb shouts!
The hobgoblin hits you.
Ijyb zaps a wand.
The roots erupt in riotous growth!
Your foxfire is unaffected.
The grasping roots grab you!
The hobgoblin is unaffected.
The grasping roots constrict you.
* * * LOW HITPOINT WARNING * * *
You hear an angry hiss.
Unknown command.
Magic courses through your body.
The foxfire hits the hobgoblin.
You kill the hobgoblin!
The foxfire hits Ijyb.
Ijyb is lightly wounded.
The grasping roots constrict you.
* * * LOW HITPOINT WARNING * * *
Your Fire Magic skill increases to level 4!
Casting: Foxfire (safe; 6% risk of failure)
Confirm with . or Enter, or press ? or * to list all spells.
You don't know that spell.
Casting: Foxfire (safe; 6% risk of failure)
Confirm with . or Enter, or press ? or * to list all spells.
You conjure some foxfire!
The grasping roots constrict you.
You die...

#.#### * #)# .#
#.# * . * ##.# * *
.# #..# ##### #.#
#.## ###
##...##,#..# , #.#
##.###.###.##..#,
* #.###.#.#.##
##.#v.# *
#§##.###.## ##@†.#
#§#.##
##.......v§.>....,
#.#).#*
........#g####.
....#.#
.#####..#.#**
#.......... ,....
. , * ,
#......####
.##.#,##* ##.##..#
. #.# * #.# ..# #
#.# * #.# ..#


You could see Ijyb (ally target).

Vanquished Creatures
  An endoplasm (D:2)
  2 hobgoblins (D:3)
  A ball python (D:3)
  2 kobolds (D:3)
  A rat (D:3)
7 creatures vanquished.

Vanquished Creatures (others)
  23 foxfires
23 creatures vanquished.

Grand Total: 30 creatures vanquished

Notes
Turn   | Place    | Note
-------+----------+-------------------------------------------
     0 | D:1      | hawla the Meteoran Fire Elementalist began the quest for
                  | the Orb.
     0 | D:1      | Reached XP level 1. HP: 14/14 MP: 5/5
    89 | D:3      | Reached XP level 2. HP: 20/20 MP: 1/7
   118 | D:3      | Noticed Ijyb
   121 | D:3      | Reached skill level 4 in Fire Magic
   121 | D:3      | Constricted to death by Ijyb

Illustrated notes

Levels and vault maps discovered:
D:1:      dpeg_arrival_boxorama, layout_rooms
D:2:      layout_basic, dreamdust_ecumenical_altar_statues, serial_shops,
          nicolae_shop_statue_plus, shop, shop, st_stairs_14
D:3:      layout_loops_ring, uniq_ijyb

Skill      XL: |  1  2 |
---------------+-------+-----
Spellcasting   | 3 |  3.1
Fire Magic     | 4 |  4.0
Dodging        | |  2.4
Stealth        | |  1.4
Conjurations   | |  1.2

Action                   || total
-------------------------++-------
Melee: Unarmed           ||     2
 Cast: Foxfire           ||    14
  Use: Scroll            ||     1
       Potion            ||     1
Armor: Robe              ||     1
Dodge: Dodged            ||     2
